 Dungeon Crawl Stone Soup version 0.22-a0-609-gfedc9ff (webtiles) character file.

46839 emperorscorpion the Eclecticist (level 14, -5/76 HPs)
             Began as a Deep Elf Summoner on July 10, 2018.
             Was a High Priest of Sif Muna.
             Killed from afar by a wretched star (26 damage)
             ... with an orb of energy
             ... on level 3 of the Abyss.
             The game lasted 01:55:09 (28556 turns).

emperorscorpion the Eclecticist (DESu)             Turns: 28556, Time: 01:55:10

Health: -5/76      AC: 14    Str:  8    XL:     14   Next: 6%
Magic:  42/47      EV: 14    Int: 26    God:    Sif Muna [*****.]
Gold:   1408       SH:  0    Dex: 15    Spells: 3/49 levels left

rFire    . . .     SeeInvis +   a - +1 halberd (elec)
rCold    . . .     Gourm    +   (shield currently unavailable)
rNeg     . . .     Faith    .   t - +3 leather armour of Diokk {+Inv}
rPois    +         Spirit   .   Q - +2 hat
rElec    .         Reflect  .   D - +0 cloak
rCorr    .         Harm     .   A - +1 pair of gloves
MR       +....                  O - +2 pair of boots
Stlth    ++........             u - amulet of the gourmand
HPRegen  0.00/turn              w - ring of Busum {+Inv rPois MP+9 Str+3 SInv}
MPRegen  0.30/turn              V - ring of wizardry

@: non-regenerating, mildly diseased
A: horns 1
a: Divine Energy, Channel Magic, Forget Spell, Renounce Religion, Evoke
Invisibility


You were on level 3 of the Abyss.
You worshipped Sif Muna.
Sif Muna was extremely pleased with you.
You were full.

You visited 3 branches of the dungeon, and saw 18 of its levels.
You visited the Abyss 1 time.
You also visited: Sewer, Ossuary and Bailey.

You collected 1956 gold pieces.
You spent 548 gold pieces at shops.

Inventory:

Hand Weapons
 a - a +1 halberd of electrocution (weapon)
 b - a +0 blowgun
 N - the +1 shortbow of the Extremes {velocity, rPois rF- Str+6 Stlth+}
   (You bought it in a shop on level 7 of the Dungeon)

   Any arrow fired from it inflicts extra damage.
   It affects your strength (+6).
   It makes you vulnerable to fire.
   It protects you from poison.
   It makes you more stealthy.
Missiles
 j - 588 arrows
 K - 30 curare-tipped needles
Armour
 h - a +2 troll leather armour {Snorg}
 p - a +0 robe of magic resistance
 r - the +2 robe "Happafe" {rPois}
   (You took it off an orc on level 10 of the Dungeon)

   It protects you from poison.
 t - the +3 leather armour of Diokk (worn) {+Inv}
   (You bought it in a shop on level 11 of the Dungeon)

   It lets you turn invisible.
 A - a +1 pair of gloves (worn)
 D - a +0 cloak (worn)
 F - the +2 pair of gloves "Ymmenoavi" {rPois rF- Str-2 Int+10}
   (You found it on level 15 of the Dungeon)

   It affects your strength (-2).
   It affects your intelligence (+10).
   It makes you vulnerable to fire.
   It protects you from poison.
 O - a +2 pair of boots (worn)
 Q - a +2 hat (worn)
Jewellery
 i - the ring "Jyrphou" {MR+ AC+2 Slay+2 Stlth+}
   (You took it off a kobold demonologist on level 13 of the Dungeon)

   [ring of protection]

   It affects your AC (+2).
   It affects your accuracy and damage with ranged weapons and melee attacks
   (+2).
   It affects your resistance to hostile enchantments.
   It makes you more stealthy.
 u - an amulet of the gourmand (around neck)
 w - the ring of Busum (left hand) {+Inv rPois MP+9 Str+3 SInv}
   (You found it on level 13 of the Dungeon)

   [ring of see invisible]

   It affects your strength (+3).
   It protects you from poison.
   It affects your magic capacity (+9).
   It lets you see invisible.
   It lets you turn invisible.
 E - a +5 amulet of reflection
 U - a +4 ring of dexterity
 V - a ring of wizardry (right hand)
Wands
 d - a wand of disintegration (20)
 y - a wand of clouds (6)
 B - a wand of polymorph (14)
 J - a wand of iceblast (22)
 P - a wand of random effects (9)
 T - a wand of digging (12)
Scrolls
 e - 3 scrolls of blinking
 f - 8 scrolls of enchant weapon
 k - 2 scrolls of magic mapping
 l - 4 scrolls of remove curse
 n - 7 scrolls of teleportation
 q - 7 scrolls of fog
 H - a scroll of immolation
 M - a scroll of fear
Potions
 g - 7 potions of curing
 m - 3 potions of flight
 s - 5 potions of mutation
 v - 2 potions of brilliance
 x - 3 potions of ambrosia
 z - 2 potions of magic
 C - 2 potions of heal wounds
 G - 2 potions of berserk rage
 I - 3 potions of might
 L - 2 potions of agility
 R - 3 potions of lignification
 W - 4 potions of cancellation
 Y - 2 potions of invisibility
Comestibles
 c - 28 rations


   Skills:
 + Level 4.5 Fighting
 - Level 1.0 Polearms
 + Level 0.2 Throwing
 + Level 3.7 Armour
 + Level 5.3 Dodging
 - Level 2.4 Stealth
 + Level 18.2 Spellcasting
 - Level 1.1 Conjurations
 + Level 0.3 Hexes
 + Level 15.0 Summonings
 + Level 2.6 Translocations
 - Level 3.7 Ice Magic
 - Level 1.9 Air Magic
 - Level 1.1 Poison Magic
 * Level 8.2 Invocations
 - Level 7.2 Evocations


You had 3 spell levels left.
You knew the following spells:

 Your Spells              Type           Power        Failure   Level  Hunger
a - Summon Mana Viper     Hex/Summ       ######..     1%          5    None
b - Call Imp              Summ           #######.     0%          2    None
c - Call Canine Familiar  Summ           #######.     0%          3    None
d - Summon Lightning Spi  Summ/Air       ######..     1%          4    None
e - Summon Ice Beast      Ice/Summ       ######..     1%          4    None
f - Summon Demon          Summ           #######...   1%          5    None
g - Mephitic Cloud        Conj/Pois/Air  ####....     1%          3    None
h - Shadow Creatures      Summ           N/A          1%          6    ###....
i - Malign Gateway        Summ/Tloc      ######....   26%         7    #####..
A - Aura of Abjuration    Summ           #######...   1%          5    None
B - Blink                 Tloc           N/A          1%          2    None

Your spell library contained the following spells:

 Spells                   Type           Power        Failure   Level  Hunger
 Magic Dart               Conj           ####         1%          1    None
 Fireball                 Conj/Fire      ####......   24%         5    None
 Conjure Flame            Conj/Fire      ####....     2%          3    None
 Slow                     Hex            ####....     1%          2    None
 Throw Frost              Conj/Ice       #####.       1%          2    None
 Freezing Cloud           Conj/Ice/Air   #####.....   52%         6    ###....
 Ring of Flames           Chrm/Fire      ###.......   100%        7    #####..
 Summon Small Mammal      Summ           ####         0%          1    None
 Freeze                   Ice            ####         1%          1    None
 Ozocubu's Armour         Chrm/Ice       ####....     1%          3    None
 Stone Arrow              Conj/Erth      ####..       2%          3    None
 Recall                   Summ/Tloc      N/A          1%          3    None
 Statue Form              Tmut/Erth      ###......    83%         6    ###....
 Ice Form                 Ice/Tmut       ####....     5%          4    None
 Necromutation            Tmut/Necr      ###.......   100%        8    ######.
 Throw Icicle             Conj/Ice       #####...     4%          4    None
 Passwall                 Tmut/Erth      ###.....     1%          2    None
 Ignite Poison            Fire/Tmut/Pois ####....     2%          3    None
 Sticks to Snakes         Tmut           ###.....     1%          2    None
 Lee's Rapid Deconstruct  Erth           ###.......   30%         5    None
 Sandblast                Erth           ###...       1%          1    None
 Petrify                  Tmut/Erth      ###.....     12%         4    None
 Leda's Liquefaction      Hex/Erth       ###.......   11%         4    None
 Beastly Appendage        Tmut           ###...       1%          1    None
 Summon Forest            Summ/Tloc      ######....   1%          5    None
 Summon Guardian Golem    Hex/Summ       ######..     1%          3    None
 Poisonous Vapours        Pois/Air       ####..       1%          2    None


Dungeon Overview and Level Annotations

Branches:
Dungeon (15/15)            Temple (0/1) D:5            Lair (0/6) D:8
    Orc (2/2) D:9             Elf (1/3) Orc:2        Vaults (0/5) D:13
 Depths (0/5) D:15

Altars:
Cheibriados
Elyvilon
Fedhas
Hepliaklqana
Makhleb
Nemelex Xobeh
Ru
Sif Muna
Xom
Yredelemnul
Zin
Beogh

Shops:
D:7 (   D:8 ([:   D:11 *   Orc:2 :?!=

Annotations:
D:6 cold chamber!


Innate Abilities, Weirdness & Mutations

You have a pair of small horns on your head.


Message History

The Executioner gives a hideous shriek!
The Executioner gestures.
The Executioner seems to speed up.
Casting: Blink (safe; 1% risk of failure)
Confirm with . or Enter, or press ? or * to list all spells.
You blink.
An air elemental comes into view.
You are suddenly pulled into a different region of the Abyss!
The raiju moves out of view.
Okay, then.
You start resting.
Magic restored.
You start resting.
A wretched star comes into view.
Casting: Blink (safe; 1% risk of failure)
Confirm with . or Enter, or press ? or * to list all spells.
You open a gate to Pandemonium!
A demon appears!
The wretched star glows turbulently.
The orb of energy hits you!
You die...

#####
#.@4#
#.#..#
#
#*#..
.#.#.#
## #
##


You could see a wretched star and a friendly chaos spawn.

Vanquished Creatures
  A very ugly thing (D:9)
  2 vault guards (D:13)
  2 two-headed ogres
  A centaur warrior (D:13)
  An orc high priest (Orc:2)
  An unseen horror (D:15)
  2 orc knights
  An orc sorcerer (Orc:2)
  2 ugly things
  A manticore (D:13)
  2 centaur zombies
  A demonic crawler (Abyss:3)
  An ancient zyme (Abyss:3)
  A troll (Orc:2)
  A hornet (D:11)
  Prince Ribbit (D:9)
  A hippogriff (D:13)
  A slime creature (D:15)
  2 wraiths (D:11)
  2 yaks
  A water moccasin (D:5)
  A porcupine (D:8)
  2 ice beasts
  10 orc warriors
  An eye of draining (shapeshifter) (D:15)
  A centaur (D:7)
  7 ogres
  2 crocodiles (D:8)
  2 bullfrogs
  4 scorpions
  A killer bee (D:12)
  A hound (D:10)
  4 jellies
  5 orc priests
  3 human skeletons (D:5)
  An iron imp (Abyss:3)
  An orc wizard (D:7)
  A worker ant (D:5)
  2 adders
  2 scorpion zombies (Ossuary)
  An ooze (Sewer)
  An adder skeleton (D:7)
  4 worms
  A leopard gecko (D:8)
  22 orcs
  3 bats
  4 giant cockroaches
  A goblin (D:3)
  4 hobgoblins
  3 jackals
  A kobold (D:2)
  3 quokkas (D:3)
  2 frilled lizards (D:1)
  A goblin zombie (Ossuary)
  A hobgoblin zombie (Ossuary)
  A kobold zombie (Ossuary)
  A leopard gecko skeleton (D:4)
  An orc zombie (Ossuary)
  2 rats
136 creatures vanquished.

Vanquished Creatures (collateral kills)
  Gastronok (D:12)
  Agnes (D:14)
  An orc warlord (Orc:2)
  A starcursed mass (Abyss:3)
  Azrael (D:12)
  Snorg (D:11)
  Josephine (D:11)
  4 centaur warriors
  5 vault guards
  Erica (D:8)
  The ghost of sking99 the Cleaver, a novice HOMo of Kikubaaqudgha (D:9)
  A death knight (D:15)
  8 two-headed ogres
  An ogre mage (D:15)
  A tengu warrior (D:13)
  A thrashing horror (Abyss:3)
  3 orc high priests (Orc:2)
  7 slime creatures
  Sonja (Orc:2)
  5 skeletal warriors (D:13)
  2 unseen horrors
  A wizard (D:15)
  A glowing orange brain (D:15)
  5 orc knights
  A worldbinder (Abyss:3)
  5 ugly things
  7 deep elf magi
  4 orc sorcerers
  2 manticores
  5 cyclopes
  Maurice (D:12)
  A smoke demon (Abyss:3)
  A spiny frog (shapeshifter) (D:15)
  A gargoyle (D:12)
  A komodo dragon (D:15)
  2 kobold demonologists
  An ice devil (Abyss:3)
  An efreet (Abyss:3)
  A freezing wraith (D:13)
  An ancient zyme (Abyss:3)
  A queen bee (shapeshifter) (D:9)
  A tengu conjurer (D:13)
  4 trolls
  2 hornets (D:9)
  A large abomination (Abyss:3)
  2 raiju (Abyss:3)
  4 hippogriffs
  A wyvern (D:15)
  7 wraiths
  15 yaks
  A ynoxinul (Abyss:3)
  2 fire elementals (D:12)
  A fire bat (shapeshifter) (D:15)
  A basilisk (D:8)
  2 hungry ghosts
  2 neqoxecs (D:9)
  A basilisk (shapeshifter) (D:9)
  A vampire mosquito (D:13)
  Menkaure (D:4)
  6 wargs
  A soldier ant (D:9)
  2 soldier ants (shapeshifter)
  An acid dragon (D:13)
  2 hell hounds (D:12)
  A floating eye (shapeshifter) (D:15)
  3 porcupines (D:8)
  An ice beast (shapeshifter) (D:14)
  A swamp drake (shapeshifter) (D:15)
  A black bear (D:6)
  9 ice beasts
  3 sky beasts
  The ghost of Hebeh the Covered, an amateur MiFi (D:3)
  An eye of draining (D:10)
  36 orc warriors
  2 phantoms
  20 centaurs
  21 ogres
  3 crocodiles (D:8)
  4 bullfrogs
  8 big kobolds (Sewer)
  2 small abominations (Abyss:3)
  2 wyvern zombies
  10 scorpions
  15 killer bees
  3 howler monkeys
  6 centaur zombies
  2 crimson imps
  3 bullfrog zombies
  5 hounds
  2 human zombies (Ossuary)
  20 orc priests
  3 bullfrog skeletons
  2 jellies
  16 orc wizards
  3 centaur skeletons
  3 iguanas
  2 human skeletons (D:5)
  8 worker ants
  A hound skeleton (D:11)
  3 mummies (Ossuary)
  A howler monkey zombie (D:8)
  A worker ant zombie (D:11)
  9 adders
  2 gnolls (D:1)
  A river rat (Sewer)
  5 shadow imps
  An ufetubus (Abyss:3)
  3 oozes (Sewer)
  2 adder zombies
  6 worms
  A dart slug (D:1)
  2 leopard geckos (D:3)
  89 orcs
  3 bats
  3 giant cockroaches
  2 gnoll zombies (Ossuary)
  5 goblins
  A hobgoblin (D:2)
  10 jackals
  2 quokkas
  2 ball pythons (Sewer)
  5 frilled lizards
  A goblin zombie (Ossuary)
  7 kobolds
  5 orc zombies
  9 rats
  A butterfly (D:5)
  A withered plant (D:3)
558 creatures vanquished.

Vanquished Creatures (others)
  2 eldritch tentacles (Orc:1)
  A fire elemental (D:12)
  An acid dragon (D:12)
  A small abomination (Abyss:3)
  A bullfrog skeleton (D:12)
  An orc wizard (Orc:2)
  An orc zombie (Ossuary)
  A bush (D:8)
9 creatures vanquished.

Grand Total: 703 creatures vanquished

Notes
Turn   | Place    | Note
-------+----------+-------------------------------------------
     0 | D:1      | emperorscorpion the Deep Elf Summoner began the quest for the Orb.
     0 | D:1      | Reached XP level 1. HP: 10/10 MP: 6/6
   538 | D:1      | Reached XP level 2. HP: 15/15 MP: 4/8
   565 | D:1      | Reached skill level 5 in Summonings
   578 | D:1      | Learned a level 2 spell: Call Imp
  1134 | D:2      | Reached XP level 3. HP: 19/19 MP: 6/10
  1175 | D:2      | Learned a level 3 spell: Call Canine Familiar
  1772 | D:3      | Noticed a scorpion
  1949 | D:3      | Killed a scorpion
  1949 | D:3      | Reached skill level 4 in Spellcasting
  1949 | D:3      | Reached XP level 4. HP: 24/24 MP: 4/12
  2007 | D:3      | Reached skill level 1 in Polearms
  2402 | D:3      | Learned a level 4 spell: Summon Ice Beast
  2712 | D:3      | Found a hazy altar of Hepliaklqana.
  2761 | D:3      | Found a runed door.
  2763 | D:3      | Noticed Hebeh's ghost (amateur MiFi)
  2774 | D:3      | Killed Hebeh's ghost
  2774 | D:3      | Reached XP level 5. HP: 23/28 MP: 1/14
  3702 | D:4      | Found a blossoming altar of Fedhas.
  3754 | D:4      | Noticed Menkaure
  3761 | D:4      | Killed Menkaure
  3761 | D:4      | Reached skill level 5 in Spellcasting
  3761 | D:4      | Reached XP level 6. HP: 33/33 MP: 4/15
  3859 | D:4      | Reached skill level 1 in Fighting
  3973 | D:4      | Reached skill level 1 in Ice Magic
  4651 | D:4      | Found a deep blue altar of Sif Muna.
  4659 | D:4      | Became a worshipper of Sif Muna the Loreminder
  4703 | D:5      | Entered Level 5 of the Dungeon
  4721 | D:5      | Noticed an ice beast
  4757 | D:5      | Killed an ice beast
  4757 | D:5      | Reached skill level 6 in Spellcasting
  4778 | D:5      | Gained mutation: You are frail. (-10% HP) [potion of mutation]
  4778 | D:5      | Gained mutation: You have an increased reservoir of magic. (+10% MP) [potion of mutation]
  4778 | D:5      | Gained mutation: You are resistant to hostile enchantments. (MR+) [potion of mutation]
  4792 | D:5      | Reached XP level 7. HP: 17/34 MP: 7/19
  4911 | D:5      | Found a sand-covered staircase.
  4921 | Ossuary  | Entered an ossuary
  5163 | Ossuary  | Reached * piety under Sif Muna
  5335 | Ossuary  | Reached skill level 7 in Spellcasting
  5740 | Ossuary  | Learned a level 2 spell: Blink
  5745 | Ossuary  | Learned a level 4 spell: Summon Lightning Spire
  5817 | D:5      | Reached XP level 8. HP: 23/39 MP: 23/23
  6319 | D:5      | Found a staircase to the Ecumenical Temple.
  6602 | D:5      | Reached skill level 8 in Spellcasting
  7102 | D:6      | Reached skill level 1 in Air Magic
  7141 | D:6      | Found a glowing drain.
  7236 | Sewer    | Entered a sewer
  7265 | Sewer    | Reached ** piety under Sif Muna
  7623 | Sewer    | Reached skill level 1 in Armour
  8038 | Sewer    | Reached skill level 9 in Spellcasting
  8235 | D:6      | Found a glowing silver altar of Zin.
  8352 | D:6      | Found a white marble altar of Elyvilon.
  8412 | D:6      | Found a basalt altar of Yredelemnul.
  8658 | D:7      | Found a burning altar of Makhleb.
  9039 | D:7      | Found Vineahos's Antique Weapon Shoppe.
  9044 | D:7      | Bought an ancient shortbow for 160 gold pieces
  9044 | D:7      | Identified the +1 shortbow of the Extremes {velocity, rPois rF- Str+6 Stlth+} (You bought it in a shop on level 7 of the Dungeon)
  9198 | D:7      | Reached XP level 9. HP: 42/44 MP: 19/26
  9298 | D:7      | Found a snail-covered altar of Cheibriados.
  9481 | D:7      | You fall through a shaft for 2 floors!
  9567 | D:9      | Learned a level 5 spell: Summon Demon
  9577 | D:9      | Found a flagged portal.
  9586 | Bailey   | Entered a bailey
  9586 | Bailey   | Noticed an orc knight
  9600 | Bailey   | Learned a level 3 spell: Mephitic Cloud
  9878 | Bailey   | Killed an orc knight
  9886 | Bailey   | Reached skill level 10 in Spellcasting
  9894 | Bailey   | Reached *** piety under Sif Muna
  9912 | Bailey   | Noticed an orc knight
  9937 | Bailey   | Killed an orc knight
  9937 | Bailey   | Reached skill level 1 in Conjurations
  9937 | Bailey   | Reached skill level 1 in Poison Magic
 10161 | D:9      | Noticed Prince Ribbit
 10172 | D:9      | Killed Prince Ribbit
 10291 | D:9      | Found a staircase to the Orcish Mines.
 10345 | D:9      | Reached skill level 10 in Summonings
 10345 | D:9      | Reached skill level 1 in Evocations
 10383 | D:9      | Reached skill level 11 in Spellcasting
 10397 | D:9      | Reached XP level 10. HP: 30/50 MP: 12/29
 11227 | D:8      | Noticed a two-headed ogre
 11235 | D:8      | Killed a two-headed ogre
 11288 | D:8      | Found Qiptalipn's Antique Armour Shoppe.
 11290 | D:8      | Reached **** piety under Sif Muna
 11333 | D:8      | Noticed Erica
 11370 | D:8      | Killed Erica
 11471 | D:8      | Reached skill level 12 in Spellcasting
 11582 | D:8      | Found a staircase to the Lair.
 11759 | D:8      | Learned a level 6 spell: Shadow Creatures
 12037 | D:8      | Found Tihuclick's Antique Weapon Emporium.
 12091 | D:8      | Found Meoqimif's Book Shoppe.
 12496 | D:9      | Found a runed gate.
 12496 | D:9      | Found a runed gate.
 12496 | D:9      | Found a runed gate.
 12497 | D:9      | Noticed a cyan ugly thing
 12499 | D:9      | Noticed a red ugly thing
 12500 | D:9      | Noticed a green ugly thing
 12504 | D:9      | Noticed a white ugly thing
 12504 | D:9      | Noticed a brown very ugly thing
 12516 | D:9      | Reached skill level 1 in Translocations
 12546 | D:9      | Killed a cyan ugly thing
 12549 | D:9      | Killed a white ugly thing
 12587 | D:9      | Killed a red very ugly thing
 12587 | D:9      | Reached ***** piety under Sif Muna
 12587 | D:9      | Reached skill level 13 in Spellcasting
 12587 | D:9      | Killed a red ugly thing
 12658 | D:9      | Killed a green ugly thing
 12805 | D:9      | Found a runed gate.
 12805 | D:9      | Found a runed gate.
 12812 | D:9      | Found a runed gate.
 12813 | D:9      | Noticed sking99's ghost (novice HOMo)
 12817 | D:9      | Noticed a black mamba
 12830 | D:9      | a black mamba changed into a basilisk
 12831 | D:9      | Reached XP level 11. HP: 54/54 MP: 9/33
 12862 | D:9      | Killed sking99's ghost
 12880 | D:8      | Learned a level 5 spell: Aura of Abjuration
 13009 | D:9      | Noticed a sun demon
 13134 | D:9      | Gained mutation: You are dopey. (Int -2) [mutagenic glow]
 13243 | D:9      | Lost mutation: You are dopey. (Int -2) [potion of mutation]
 13243 | D:9      | Lost mutation: You are frail. (-10% HP) [potion of mutation]
 13243 | D:9      | Lost mutation: You are resistant to hostile enchantments. (MR+) [potion of mutation]
 13243 | D:9      | Lost mutation: You have an increased reservoir of magic. (+10% MP) [potion of mutation]
 13243 | D:9      | Gained mutation: Your muscles are strong. (Str +2) [potion of mutation]
 13243 | D:9      | Lost mutation: Your muscles are strong. (Str +2) [potion of mutation]
 13243 | D:9      | Gained mutation: You have a pair of small horns on your head. [potion of mutation]
 13292 | D:10     | Entered Level 10 of the Dungeon
 13575 | D:10     | Identified Sif Muna's Tome of Moulding (Sif Muna gifted it to you on level 10 of the Dungeon)
 13575 | D:10     | Received a gift from Sif Muna
 13855 | D:10     | Got a bloodstained robe
 13856 | D:10     | Identified the +2 robe "Happafe" {rPois} (You took it off an orc on level 10 of the Dungeon)
 13957 | D:10     | Found a sparkling altar of Nemelex Xobeh.
 13957 | D:10     | Found a transporter.
 13957 | D:10     | Noticed a frost giant
 13958 | D:10     | Noticed a wizard
 14093 | D:10     | Noticed a two-headed ogre
 14104 | D:10     | Killed a two-headed ogre
 14574 | D:11     | Noticed a cyan ugly thing
 14582 | D:11     | Killed a cyan ugly thing
 14689 | D:11     | Found Ishriaseo's Assorted Antiques.
 14689 | D:11     | Noticed Josephine
 14697 | D:11     | Killed Josephine
 14697 | D:11     | Reached skill level 14 in Spellcasting
 14697 | D:11     | Reached skill level 1 in Invocations
 14721 | D:11     | Bought a scroll labeled GIPPUTON OGHECH for 26 gold pieces
 14721 | D:11     | Bought a dazzling leather armour for 182 gold pieces
 14721 | D:11     | Identified the +3 leather armour of Diokk {+Inv} (You bought it in a shop on level 11 of the Dungeon)
 14960 | D:11     | Found a shimmering altar of Xom.
 15739 | D:11     | Noticed Snorg
 15751 | D:11     | Killed Snorg
 16091 | D:12     | Found a deep blue altar of Sif Muna.
 16109 | D:12     | Noticed Maurice
 16113 | D:12     | Killed Maurice
 16339 | D:12     | Noticed a centaur warrior
 16344 | D:12     | Killed a centaur warrior
 16516 | D:12     | Noticed a two-headed ogre
 16530 | D:12     | Killed a two-headed ogre
 16659 | D:12     | Noticed a two-headed ogre
 16663 | D:12     | Killed a two-headed ogre
 17152 | D:12     | Noticed Azrael
 17186 | D:12     | Killed Azrael
 17186 | D:12     | Reached skill level 15 in Spellcasting
 17374 | D:12     | Noticed Gastronok
 17390 | D:12     | Killed Gastronok
 17390 | D:12     | Reached XP level 12. HP: 66/66 MP: 14/33
 17614 | D:13     | Noticed a centaur warrior
 17619 | D:13     | Killed a centaur warrior
 17790 | D:13     | Found a gate to the Vaults.
 17790 | D:13     | Noticed a vault guard
 17790 | D:13     | Noticed a vault guard
 17790 | D:13     | Noticed a vault guard
 17790 | D:13     | Noticed a vault guard
 17790 | D:13     | Noticed a vault guard
 17791 | D:13     | Noticed a vault guard
 17794 | D:13     | Noticed a vault guard
 17796 | D:13     | Noticed a vault guard
 17802 | D:13     | Killed a vault guard
 17803 | D:13     | Killed a vault guard
 17803 | D:13     | Identified Sif Muna's Compendium of Stones and the Blaze (Sif Muna gifted it to you on level 13 of the Dungeon)
 17803 | D:13     | Received a gift from Sif Muna
 17828 | D:13     | Killed a vault guard
 17918 | D:12     | Killed a vault guard
 18150 | D:13     | Noticed a centaur warrior
 18160 | D:13     | Killed a centaur warrior
 18210 | D:13     | Killed a vault guard
 18388 | D:13     | Killed a vault guard
 18388 | D:13     | Reached skill level 5 in Invocations
 18467 | D:13     | Reached skill level 5 in Evocations
 18829 | D:13     | Noticed a tengu warrior
 18872 | D:13     | Killed a tengu warrior
 19221 | D:13     | Learned a level 5 spell: Summon Mana Viper
 19263 | D:13     | Killed a vault guard
 19263 | D:13     | Reached skill level 16 in Spellcasting
 19307 | D:13     | Upgraded the game from 0.22-a0-608-g8a62e23 to 0.22-a0-609-gfedc9ff
 19773 | D:13     | Got a glittering platinum ring
 19964 | D:13     | Reached skill level 5 in Dodging
 20055 | D:13     | Got a sparkling emerald amulet
 20057 | D:13     | Identified the ring "Jyrphou" {MR+ AC+2 Slay+2 Stlth+} (You took it off a kobold demonologist on level 13 of the Dungeon)
 20059 | D:13     | Identified the amulet of Diypt {Harm *Drain rElec rPois rC- Str+3} (You found it on level 13 of the Dungeon)
 20101 | D:13     | Got a sparkling jade ring
 20103 | D:13     | Identified the ring of Busum {+Inv rPois MP+9 Str+3 SInv} (You found it on level 13 of the Dungeon)
 20315 | D:13     | Got a slimy golden amulet
 20319 | D:13     | Identified the amulet "Goscha" {Inacc MR+ Str+4 Stlth-} (You found it on level 13 of the Dungeon)
 20440 | D:14     | Noticed Agnes
 20459 | D:14     | Killed Agnes
 20927 | D:14     | Noticed a two-headed ogre
 20936 | D:14     | Killed a two-headed ogre
 21173 | D:14     | Noticed a centaur warrior
 21181 | D:14     | Killed a centaur warrior
 21446 | D:15     | Entered Level 15 of the Dungeon
 21500 | D:15     | Reached XP level 13. HP: 70/70 MP: 32/35
 21791 | D:15     | Received a gift from Sif Muna
 22008 | D:15     | Got a pair of warped gloves
 22010 | D:15     | Identified the +2 pair of gloves "Ymmenoavi" {rPois rF- Str-2 Int+10} (You found it on level 15 of the Dungeon)
 22468 | D:15     | Reached skill level 17 in Spellcasting
 22476 | D:15     | Found a staircase to the Depths.
 23220 | D:15     | Found a sacrificial altar of Ru.
 23607 | Orc:1    | Entered Level 1 of the Orcish Mines
 23927 | Orc:2    | Entered Level 2 of the Orcish Mines
 24272 | Orc:2    | Found a roughly hewn altar of Beogh.
 24537 | Orc:2    | Found Raqinn's Book Boutique.
 24591 | Orc:2    | Found Cufavuos's Magic Scroll Shop.
 24763 | Orc:2    | Bought a scroll of blinking for 90 gold pieces
 24763 | Orc:2    | Bought a scroll of blinking for 90 gold pieces
 25646 | Orc:2    | Identified Sif Muna's Reference Book on Twisted Moulding (Sif Muna gifted it to you on level 2 of the Orcish Mines)
 25646 | Orc:2    | Received a gift from Sif Muna
 25656 | Orc:2    | Found a staircase to the Elven Halls.
 25811 | Orc:2    | Noticed Sonja
 25818 | Orc:2    | Killed Sonja
 25852 | Orc:2    | Noticed an orc warlord
 25864 | Orc:2    | Killed an orc warlord
 25957 | Orc:2    | Found a roughly hewn altar of Beogh.
 26089 | Orc:2    | Found Nilohios's Jewellery Shop.
 26677 | Orc:2    | Found Wyovoor's Distillery.
 27035 | Orc:2    | Learned a level 7 spell: Malign Gateway
 27079 | Orc:1    | Reached skill level 18 in Spellcasting
 27819 | Elf:1    | Entered Level 1 of the Elven Halls
 27954 | Elf:1    | Cast into level 3 of the Abyss (miscasting Malign Gateway)
 28028 | Abyss:3  | Noticed a tentacled starspawn
 28306 | Abyss:3  | Reached skill level 15 in Summonings
 28306 | Abyss:3  | Reached XP level 14. HP: 56/76 MP: 38/38
 28356 | Abyss:3  | Noticed a starcursed mass
 28369 | Abyss:3  | Killed a starcursed mass
 28492 | Abyss:3  | Noticed a starcursed mass
 28498 | Abyss:3  | Noticed an Executioner
 28556 | Abyss:3  | Killed from afar by a wretched star

Vault maps used:
D:1:      minmay_arrival_four_houses
D:2:      nrook_loot_triangle
D:3:      marbit_many_paths, gammafunk_ghost_grave
D:4:      lemuel_coloured_pillars_altar, fedhas_altar_1, uniq_menkaure
D:5:      minmay_temple_entry_butterflies, first_ration,
          nicolae_ossuary_entry_catacombs
D:6:      lemuel_ice_spiral_2, kennysheep_ying_yang, zin_scriptorium,
          portal_sewer_entry_d
D:7:      lemuel_round_altar, cheibriados_altar_1, serial_shops,
          kennysheep_little_box
D:8:      minmay_lair_entry_grove, serial_shops, nicolae_shop_statue_plus,
          kennysheep_mini, nicolae_shop_overgrown_old_shop, uniq_erica
D:9:      orc_0_dummy, enter_bailey_2, ploomutoo_gammafunk_potion_laboratory,
          hangedman_pestilent_swarm, uniq_prince_ribbit1
D:10:     grunt_nemelex_the_gamble
D:11:     serial_shops, nicolae_shop_statue_plus, xom_teletrap_fun,
          uniq_josephine, uniq_snorg
D:12:     basic_altar, kennysheep_dice, uniq_gastronok, uniq_azrael,
          uniq_maurice
D:13:     minmay_the_grid_triangle_9x9_rhombus_full, erik_vaults_2
D:14:     uniq_agnes
D:15:     gammafunk_enter_depths_forms, nicolae_ru_path_of_blood,
          portal_ice_cave_entry_ice_beasts
Orc:2:    pubby_orc_utopia, uniq_sonja
Elf:1:    eino_elf_arrival_customs, portal_desolation_entry_garden,
          serial_shops, nicolae_shop_stone, kennysheep_underground_church
Abyss:3:  lemuel_flamethrower_2
Sewer:    sewer_co_tree
Ossuary:  ossuary_minmay_scorpions
Bailey:   bailey_polearm_4, bailey

Skill      XL: |  1  2  3  4  5  6  7  8  9 10 11 12 13 |
---------------+----------------------------------------+-----
Summonings     | 5 6 7 8 10 11 12 13 15 | 15.0
Spellcasting   | 4 5 6 7 9 11 13 15 16 18 | 18.2
Polearms       | 1 |  1.0
Dodging        | 3 4 5 |  5.3
Fighting       | 1 2 3 4 |  4.5
Ice Magic      | 1 2 3 |  3.7
Air Magic      | 1 |  1.9
Armour         | 1 2 3 |  3.7
Conjurations   | 1 |  1.1
Poison Magic   | 1 |  1.1
Evocations     | 1 3 6 7 |  7.2
Translocations | 1 2 |  2.6
Invocations    | 4 6 8 |  8.2
Throwing       | |  0.2
Stealth        | |  2.4
Hexes          | |  0.3

Action                   |  1- 3 |  4- 6 |  7- 9 | 10-12 | 13-15 || total
-------------------------+-------+-------+-------+-------+-------++-------
Melee: Unarmed           |    11 |       |       |       |       ||    11
       Halberd           |    30 |   110 |   189 |   218 |   193 ||   740
       Headbutt          |       |       |       |    13 |    14 ||    27
 Fire: Shortbow          |       |       |     2 |       |       ||     2
       Blowgun           |       |       |       |       |     8 ||     8
 Cast: Summon Small Mamm |    28 |       |       |       |       ||    28
       Call Imp          |    15 |     7 |       |     1 |       ||    23
       Call Canine Famil |     6 |    21 |    21 |     5 |       ||    53
       Summon Ice Beast  |       |    15 |    22 |    21 |     7 ||    65
       Summon Lightning  |       |       |    36 |    68 |    69 ||   173
       Mephitic Cloud    |       |       |    11 |     4 |     1 ||    16
       Blink             |       |       |     3 |    21 |    16 ||    40
       Summon Demon      |       |       |     1 |   124 |    75 ||   200
       Shadow Creatures  |       |       |       |     3 |       ||     3
       Aura of Abjuratio |       |       |       |     3 |    10 ||    13
       Summon Mana Viper |       |       |       |     1 |       ||     1
       Malign Gateway    |       |       |       |       |     2 ||     2
Evoke: Wand              |       |       |     4 |     5 |     3 ||    12
  Use: Potion            |       |    10 |     3 |     2 |     1 ||    16
       Scroll            |       |       |     9 |    18 |     7 ||    34
 Stab: Sleeping          |     1 |     5 |     3 |     6 |     7 ||    22
       Distracted        |     1 |     1 |     7 |    13 |     3 ||    25
  Eat: Chunk             |     2 |    14 |    25 |    42 |    22 ||   105
       Ration            |       |       |     2 |       |       ||     2
Armor: Robe              |    10 |    13 |     7 |    31 |       ||    61
       Skin              |       |     5 |     6 |       |       ||    11
       Leather armour    |       |       |    16 |    44 |    61 ||   121
Dodge: Dodged            |    30 |    64 |    84 |   165 |    97 ||   440

Table legend:
 A = Spawn XP
 B = Non-spawn XP
 C = Spawn XP percentage of total XP
 D = Spawn monster count
 E = Non-spawn monster count
 F = Spawn count percentage of total count
 G = Total turns spent on level
                    A         B        C        D         E        F      G
               +---------+---------+-------+---------+---------+-------+---------
         Total |    2607 |   64307 |   3.9 |      15 |     677 |   2.2 | 28556
               +---------+---------+-------+---------+---------+-------+---------
           D:1 |       0 |      27 |   0.0 |       0 |      14 |   0.0 |  1031
           D:2 |       0 |      37 |   0.0 |       0 |      17 |   0.0 |   898
           D:3 |       0 |     189 |   0.0 |       0 |      31 |   0.0 |  1467
           D:4 |       0 |     290 |   0.0 |       0 |      15 |   0.0 |  1307
           D:5 |       0 |     824 |   0.0 |       0 |      28 |   0.0 |  1430
           D:6 |       0 |     230 |   0.0 |       0 |       7 |   0.0 |   796
           D:7 |       0 |     393 |   0.0 |       0 |      19 |   0.0 |  1505
           D:8 |       0 |    2325 |   0.0 |       0 |      34 |   0.0 |  1259
           D:9 |       0 |    4705 |   0.0 |       0 |      42 |   0.0 |  1525
          D:10 |       0 |    1507 |   0.0 |       0 |      20 |   0.0 |  1258
          D:11 |       0 |    2954 |   0.0 |       0 |      37 |   0.0 |  1564
          D:12 |       0 |    6333 |   0.0 |       0 |      44 |   0.0 |  1697
          D:13 |       0 |   11034 |   0.0 |       0 |      52 |   0.0 |  2696
          D:14 |       0 |    4272 |   0.0 |       0 |      15 |   0.0 |  1039
          D:15 |       0 |   10388 |   0.0 |       0 |      52 |   0.0 |  1806
         Orc:1 |       0 |    2281 |   0.0 |       0 |      37 |   0.0 |  1025
         Orc:2 |       0 |   11010 |   0.0 |       0 |     132 |   0.0 |  3187
         Elf:1 |       0 |    1731 |   0.0 |       0 |       6 |   0.0 |   135
       Abyss:3 |    2607 |     983 |  72.6 |      15 |       2 |  88.2 |   602
         Sewer |       0 |     471 |   0.0 |       0 |      28 |   0.0 |   945
       Ossuary |       0 |     523 |   0.0 |       0 |      29 |   0.0 |   885
        Bailey |       0 |    1800 |   0.0 |       0 |      16 |   0.0 |   499
               +---------+---------+-------+---------+---------+-------+---------
